 Dungeon Crawl Stone Soup version 0.16-a0-148-g3b84123 (console) character file.

205 MrRokkomies the Vexing (level 5, -2/37 HPs)
             Began as a Demonspawn Arcane Marksman on Aug 15, 2014.
             Slain by a killer bee (7 damage)
             ... on Level 4 of the Dungeon.
             The game lasted 00:10:08 (3185 turns).

MrRokkomies the Vexing (Demonspawn Arcane Marksman) Turns: 3185, Time: 00:10:10

HP  -2/37        AC  6     Str 14      XL: 5   Next: 52%
MP   7/7         EV 12     Int 15      God:
Gold 159         SH  0     Dex 13      Spells:  3 memorised,  0 levels left

rFire  . . .     SeeInvis .     a - +0 mace
rCold  . . .     Clarity  .     e - +1 robe
rNeg   . . .     rCorr    .     (no shield)
rPois  .         rRot     +     (no helmet)
rElec  .         Spirit   .     (no cloak)
SustAb .         Warding  .     w - +2 pair of gloves
rMut   .         Stasis   .     (no boots)
Gourm  .                        n - amulet of rage
MR     .....                    (no ring)
                                v - +3 ring of strength

@: lethally poisoned, not resistant to hostile enchantments, very unstealthy
A: powered by death 1, rot immunity
a: Evoke Berserk Rage


You were on level 4 of the Dungeon.
You were not hungry.

You visited 1 branch of the dungeon, and saw 4 of its levels.

You collected 159 gold pieces.

Inventory:

Hand weapons
 a - a +0 mace (weapon)
 b - a +1 hand crossbow
Missiles
 c - 31 bolts
 t - 24 poisoned needles
Armour
 e - a +1 robe (worn)
 w - a +2 pair of gloves (worn)
Comestibles
 f - 5 bread rations
 i - 3 meat rations
 x - 7 fruits
Scrolls
 g - 4 scrolls of enchant armour
 h - a scroll of enchant weapon
 j - a scroll of remove curse
 l - 6 scrolls of teleportation
 p - a scroll of fog
 q - a scroll of amnesia
Jewellery
 n - an amulet of rage (around neck)
 v - a +3 ring of strength (left hand)
Potions
 k - 2 potions of restore abilities
 m - a potion of porridge
 o - a potion of might
 r - a potion of resistance {unknown}
 s - a potion of magic {unknown}
 u - 2 potions of brilliance
 z - a potion of mutation {unknown}
Books
 d - a book of Debilitation

   Spells                             Type                      Level
   *Corona                            Hexes                        1
   *Slow                              Hexes                        2
   *Inner Flame                       Hexes/Fire                   3
   Enslavement                        Hexes                        4
   Cause Fear                         Hexes                        4
   Leda's Liquefaction                Hexes/Earth                  4


   Skills:
 - Level 1.0 Fighting
 * Level 3.9 Crossbows
 - Level 1.7 Dodging
 - Level 1.0 Spellcasting
 * Level 4.9 Hexes


You couldn't memorise any spells.
You knew the following spells:

 Your Spells              Type           Power        Failure   Level  Hunger
a - Corona                Hex            ###....      3%          1    ##.....
b - Slow                  Hex            ###.....     6%          2    ###....
c - Inner Flame           Hex/Fire       #.......     30%         3    ####...


Dungeon Overview and Level Annotations

Branches:
Dungeon (4/15)
 Temple: D:4-7

Altars:


Innate Abilities, Weirdness & Mutations

You can steal the life force of nearby defeated enemies.
You are immune to rotting.


Message History

A killer bee comes into view.
You feel sick. The adder bites you.
* * * LOW HITPOINT WARNING * * *
You are more poisoned.
The adder poisons you!
A killer bee comes into view.
You feel sick.
You feel sick. The adder barely misses you.
You feel sick.
You feel sick. The adder bites you but does no damage.
There is a stone staircase leading down here.
You feel sick.
The killer bee stings you but does no damage.
The adder bites you.
* * * LOW HITPOINT WARNING * * *
You are more poisoned.
The adder poisons you! The killer bee stings you!
You die...

%................##....#
#....#...........##....#
#....###..........+.(..+ .
.......#..........#....#+##y...[
.####..#.............##...y.....
## ..########......##......y.. #
..# #......##.......# #+ ..#
#..S...###+###### .#######
#.@yy..# .......# #......#
.....#.# #......# .......#
######## .###...# #..###.#
#...##.# ##.<##.# ######.#


You could see 2 killer bees and an adder.

Vanquished Creatures
  The ghost of MrRokkomies the Vexing, a weakling DsAM (D:3)
  A worker ant (D:4)
  Jessica (D:2)
  Terence (D:2)
  A hound skeleton (D:4)
  3 adders
  A worm (D:3)
  3 giant geckos (D:2)
  An ooze (D:4)
  5 orcs (D:3)
  4 giant cockroaches
  3 goblins
  A hobgoblin (D:2)
  2 quokkas
  7 bats
  6 giant newts (D:2)
  8 jackals (D:2)
  7 kobolds
  5 rats
  2 rat skeletons (D:4)
63 creatures vanquished.

Vanquished Creatures (others)
  A butterfly (D:3)
1 creature vanquished.

Grand Total: 64 creatures vanquished

Notes
Turn   | Place    | Note
--------------------------------------------------------------
     0 | D:1      | MrRokkomies, the Demonspawn Arcane Marksman, began the quest for the Orb.
     0 | D:1      | Reached XP level 1. HP: 15/15 MP: 2/2
   721 | D:2      | Noticed Terence
   730 | D:2      | Killed Terence
   730 | D:2      | Gained mutation: You are immune to rotting. [demonic ancestry]
   730 | D:2      | Reached XP level 2. HP: 11/21 MP: 3/3
   866 | D:2      | Noticed Jessica
   878 | D:2      | Killed Jessica
   878 | D:2      | Reached XP level 3. HP: 11/26 MP: 4/4
   888 | D:2      | HP: 1/26 [adder (1)]
  1161 | D:2      | Learned a level 2 spell: Slow
  1397 | D:2      | Reached skill level 4 in Hexes
  1713 | D:2      | Gained mutation: You can steal the life force of nearby defeated enemies. [demonic ancestry]
  1713 | D:2      | Reached XP level 4. HP: 32/32 MP: 5/5
  2194 | D:3      | Noticed MrRokkomies' ghost (weakling DsAM)
  2205 | D:3      | Killed MrRokkomies' ghost
  2576 | D:3      | Reached XP level 5. HP: 19/37 MP: 7/7
  2943 | D:4      | Learned a level 3 spell: Inner Flame
  3185 | D:4      | Slain by a killer bee

Action                   |  1- 3 |  4- 6 || total
-------------------------+-------+-------++-------
Melee: Mace              |    99 |   136 ||   235
 Fire: Hand crossbow     |    18 |    15 ||    33
 Cast: Corona            |     3 |       ||     3
 Abil: Evoke Berserk Rag |       |     1 ||     1
  Use: Scroll            |     8 |     6 ||    14
 Stab: Sleeping          |       |     1 ||     1
  Eat: Chunk             |     3 |     5 ||     8
